 Dungeon Sprint DCSS version 0.29.1-1-gd02db6906a (webtiles) character file.

Game seed: 11675535953570942769

35 mhtbhm the Digger (level 3, -8/20 HPs)
             Began as a Gargoyle Earth Elementalist on Oct 3, 2022.
             Mangled by an ogre
             ... wielding a +0 giant club
              (20 damage)
             ... in the Dungeon (Sprint IX: "|||||||||||||||||||||||||||||").
             The game lasted 00:00:32 (134 turns).

mhtbhm the Digger (Gargoyle Earth Elementalist)      Turns: 134, Time: 00:00:32

Health: -8/20      AC:  5    Str: 11    XL:     3   Next: 33%
Magic:  6/8        EV: 12    Int: 17    God:
Gold:   0          SH:  0    Dex: 10    Spells: 8/9 levels left

rFire   . . .      SeeInvis .   (no weapon)
rCold   . . .      Faith    .   (no shield)
rNeg    + . .      Spirit   .   a - +0 robe
rPois   ∞          Reflect  .   (no helmet)
rElec   +          Harm     .   (no cloak)
rCorr   .          Rampage  .   (no gloves)
Will    .....      NoTele   +   (no boots)
Stlth   ++........              (no amulet)
HPRegen 0.06/turn               (no ring)
MPRegen 0.11/turn               (no ring)

@: no status effects
A: sickness immunity, AC +3, negative energy resistance 1, electricity
resistance, torment resistance 1, petrification resistance
a: no special abilities


You were in the Dungeon.
You visited 1 branch

Inventory:

Armour
 a - a +0 robe (worn)
Scrolls
 g - a scroll of blinking
Potions
 b - 2 potions of magic
 c - a potion of curing
 e - a potion of haste


   Skills:
 + Level 0.3 Fighting
 + Level 2.1 Dodging
 + Level 2.8 Stealth
 + Level 0.4 Unarmed Combat
 + Level 3.6 Spellcasting
 + Level 0.8 Transmutations
 + Level 6.6 Earth Magic


You had 8 spell levels left.
You knew the following spells:

 Your Spells              Type           Power      Damage    Failure   Level
a - Sandblast             Erth           50%        2d12      1%          1

Your spell library contained the following spells:

 Spells                   Type           Power      Damage    Failure   Level
 Passwall                 Tmut/Erth      12%        N/A       5%          2
 Stone Arrow              Conj/Erth      28%        3d8       13%         3
 Petrify                  Tmut/Erth      15%        N/A       34%         4


Dungeon Overview and Level Annotations

Branches:
Dungeon (1/1)

Altars:


Innate Abilities, Weirdness & Mutations

You are immune to sickness and miasma.
Your stone body is resilient. (AC +3)
You are immune to poison.
You resist negative energy. (rN+)
You are resistant to electric shocks. (rElec)
You are resistant to unholy torment.
You are immune to petrification.


Message History

Your Spellcasting skill increases to level 3!
Your Earth Magic skill increases to level 6!
You have reached level 2!
You have reached level 3!
Your experience leads to an increase in your attributes!
Increase (S)trength, (I)ntelligence, or (D)exterity?
You feel clever. x2
You feel much better.
The white imp shouts, "Go and return not, thou grime-gilt limp-willed boar-pig!"
Magic courses through your body.
The white imp shouts, "Away with thee, thou horrid sow-suckled bugbear!"
The white imp closely misses you.
Casting: Sandblast (safe; 1% risk of failure)
Confirm with . or Enter, or press ? or * to list all spells.
Aiming: Sandblast (safe; 1% risk of failure)
Press: ? - help, Shift-Dir - straight line, f - white imp
Aim: a white imp (83% to hit)
The blast of sand misses the white imp.
The blast of sand hits the ogre.
The ogre is lightly wounded.
The white imp barely misses you. x2
Unknown command.
Casting: Sandblast (safe; 1% risk of failure)
Confirm with . or Enter, or press ? or * to list all spells.
Aiming: Sandblast (safe; 1% risk of failure)
Press: ? - help, Shift-Dir - straight line, f/p - white imp
Aim: a white imp (83% to hit)
The blast of sand hits the white imp.
The white imp is heavily wounded.
The white imp gestures at you. The puff of frost hits you!
Casting: Sandblast (safe; 1% risk of failure)
Confirm with . or Enter, or press ? or * to list all spells.
Aiming: Sandblast (safe; 1% risk of failure)
Press: ? - help, Shift-Dir - straight line, f - ogre, p - white imp
Aim: an ogre, wielding a +0 giant club (lightly wounded, 92% to hit)
The blast of sand hits the white imp!
You kill the white imp!
The ogre hits you with a +0 giant club!!
Ouch! That really hurt!
You die... ▓▓▓▓▓▓▓▓▓▓▓▓▓▓▓▓▓▓ +...SJO@....)†..<▓ ▓▓▓▓▓▓▓▓▓▓▓▓▓▓▓▓▓▓

You could see an ogre, a jelly and an adder.

Vanquished Creatures
  A hound (D)
  A white imp (D)
  A hobgoblin (D)
  A ball python (D)
  2 bats (D)
  A kobold (D)
7 creatures vanquished.

Notes
Turn   | Place    | Note
-------+----------+-------------------------------------------
     0 | D        | mhtbhm the Gargoyle Earth Elementalist began the quest for
                  | the Orb.
     0 | D        | Reached XP level 1. HP: 10/10 MP: 3/3
     5 | D        | Reached skill level 4 in Earth Magic
    48 | D        | Reached skill level 5 in Earth Magic
   126 | D        | Noticed a jelly
   126 | D        | Noticed an ogre
   126 | D        | Noticed a hound
   129 | D        | Killed a hound
   130 | D        | Reached skill level 6 in Earth Magic
   130 | D        | Reached XP level 2. HP: 2/16 MP: 0/6
   130 | D        | Reached XP level 3. HP: 2/20 MP: 0/8
   134 | D        | Mangled by an ogre

Illustrated notes

Levels and vault maps discovered:
D:        linesprint [early_d, line_temple, items_1, d_10, items_2, lair_1,
          lair_end, items_3, orc_1, orc_end, items_4, d_15, swamp_1, shoals_1,
          snake_1, spider_1, d_20, vaults_1, items_5, swamp_end, shoals_end,
          snake_end, spider_end, vaults_end, d_27, items_6, zot_1, zot_end,
          crypt_end, forest_end, elf_end, slime_end, tomb_end, abyss_end,
          pan_hell_end]

Skill      XL: |  1 |
---------------+----+-----
Earth Magic    | 6 |  6.6
Dodging        | 2 |  2.1
Spellcasting   | 3 |  3.6
Fighting       | |  0.3
Stealth        | |  2.8
Unarmed Combat | |  0.4
Transmutations | |  0.8

Action                   || total
-------------------------++-------
Melee: Unarmed           ||     7
 Cast: Sandblast         ||    10
  Use: Potion            ||     3
Armor: Robe              ||     5
Dodge: Dodged            ||    16
